 Dungeon Crawl Stone Soup version 0.21.1-1-g345015f (webtiles) character file.

1061 lyrx the Destroyer (level 8, -2/52 HPs)
             Began as a Demonspawn Conjurer on Apr 12, 2018.
             Slain by an elf zombie (4 damage)
             ... in an ossuary.
             The game lasted 00:26:49 (5478 turns).

lyrx the Destroyer (Demonspawn Conjurer)            Turns: 5478, Time: 00:26:50

Health: -2/52      AC:  2    Str:  9    XL:     8   Next: 6%
Magic:  0/11       EV: 13    Int: 18    God:
Gold:   189        SH:  0    Dex: 14    Spells: 2/12 levels left

rFire    x . .     SeeInvis .   i - +2 dagger (venom)
rCold    + . .     Gourm    .   (no shield)
rNeg     . . .     Faith    .   a - +0 robe
rPois    +         Spirit   .   (no helmet)
rElec    .         Reflect  .   (no cloak)
rCorr    .         Harm     .   (no gloves)
MR       .....                  (no boots)
Stlth    ++........             (no amulet)
HPRegen  0.17/turn              e - ring of ice
MPRegen  0.12/turn              (no ring)

@: no status effects
A: claws 2, talons 1, poison resistance, sturdy frame 2
a: no special abilities


You were in an ossuary.
You were not hungry.

You visited 1 branch of the dungeon, and saw 4 of its levels.
You also visited: Ossuary.

You collected 189 gold pieces.

Inventory:

Hand Weapons
 f - a +0 dagger of draining
 i - a +2 dagger of venom (weapon)
Armour
 a - a +0 robe (worn)
Jewellery
 e - a ring of ice (left claw)
Scrolls
 c - 3 scrolls of immolation {unknown}
 d - 3 scrolls of enchant weapon
 l - 3 scrolls of identify
 m - a scroll of teleportation {unknown}
Potions
 h - a potion of cancellation {unknown}
 j - 2 potions of might {unknown}
 k - a potion of invisibility {unknown}
 n - 2 potions of haste
Books
 b - a book of Conjurations

   Spells                             Type                      Level
   a - Magic Dart                     Conjuration                  1
   b - Searing Ray                    Conjuration                  2
   c - Dazzling Spray                 Conjuration/Hexes            3
   d - Fulminant Prism                Conjuration/Hexes            4
   e - Force Lance                    Conjuration/Translocation    4
   f - Iskenderun's Mystic Blast      Conjuration                  4
Comestibles
 g - 3 rations


   Skills:
 + Level 2.5 Dodging
 - Level 2.0 Stealth
 + Level 2.5 Spellcasting
 + Level 14.0 Conjurations


You had 2 spell levels left.
You knew the following spells:

 Your Spells              Type           Power        Failure   Level  Hunger
a - Magic Dart            Conj           ####         1%          1    #......
b - Searing Ray           Conj           ######       1%          2    ##.....
c - Iskenderun's Mystic   Conj           ######..     1%          4    #####..
m - Dazzling Spray        Conj/Hex       ####..       2%          3    ###....


Dungeon Overview and Level Annotations

Branches:
Dungeon (4/15)
 Temple: D:4-7

Altars:


Innate Abilities, Weirdness & Mutations

You have very sharp fingernails.
Your movements are less encumbered by armour. (ER -4)
You have sharp toenails.
Your system is resistant to poisons. (rPois)


Message History

You finish channeling your searing ray.
The elf zombie hits you.
* * * LOW HITPOINT WARNING * * *
You hit the elf zombie.
The elf zombie is severely damaged.
The elf zombie hits you.
* * * LOW HITPOINT WARNING * * *
You closely miss the elf zombie. You claw the elf zombie.
The elf zombie is severely damaged.
The elf zombie hits you.
* * * LOW HITPOINT WARNING * * *
You hit the elf zombie.
The elf zombie is almost destroyed.
You hit the elf zombie. Your kick misses the elf zombie.
The elf zombie is almost destroyed.
The elf zombie hits you.
* * * LOW HITPOINT WARNING * * *
You closely miss the elf zombie. Your kick misses the elf zombie.
The elf zombie is almost destroyed.
The elf zombie hits you.
You die...

#......Z# #.....#
#.# #'# ###.###
##### ##.....##
##...## #.......#
#.....#
#...∩...###.....##
...∩∩∩...'.....Z@#
#...∩...###.....##
#.......# #.....#
##.....## ##...##
###.### ##### #'#
###.### ##.....##
#.......#


You could see an elf zombie.

Vanquished Creatures
  An ogre (D:3)
  5 elf zombies (Ossuary)
  A crimson imp (D:2)
  2 centaur zombies (Ossuary)
  4 human zombies (Ossuary)
  A worker ant (D:4)
  3 mummies (Ossuary)
  4 adders
  2 oozes
  A worm (D:3)
  A dart slug (D:1)
  2 leopard geckos
  An orc (D:4)
  A ball python (D:3)
  5 giant cockroaches
  8 hobgoblins
  9 kobolds
  A quokka (D:3)
  3 bats (D:2)
  3 frilled lizards
  3 goblins
  10 rats
71 creatures vanquished.

Notes
Turn   | Place    | Note
-------+----------+-------------------------------------------
     0 | D:1      | lyrx the Demonspawn Conjurer began the quest for the Orb.
     0 | D:1      | Reached XP level 1. HP: 13/13 MP: 3/3
   487 | D:1      | Gained mutation: Your movements are slightly less encumbered by armour. (ER -2) [demonic ancestry]
   487 | D:1      | Reached XP level 2. HP: 19/19 MP: 0/5
  1143 | D:2      | Gained mutation: Your movements are less encumbered by armour. (ER -4) [demonic ancestry]
  1143 | D:2      | Reached XP level 3. HP: 18/24 MP: 6/6
  1153 | D:2      | Learned a level 3 spell: Dazzling Spray
  1958 | D:1      | Learned a level 2 spell: Searing Ray
  1981 | D:2      | Reached skill level 5 in Conjurations
  2165 | D:2      | Reached XP level 4. HP: 27/30 MP: 3/7
  2881 | D:3      | Noticed an ogre
  2886 | D:3      | Killed an ogre
  2886 | D:3      | Reached skill level 6 in Conjurations
  2886 | D:3      | Reached XP level 5. HP: 35/35 MP: 0/8
  3882 | D:4      | Reached skill level 7 in Conjurations
  4044 | D:4      | Found a sand-covered staircase.
  4049 | Ossuary  | Entered an ossuary
  4074 | Ossuary  | Gained mutation: You have sharp fingernails. [demonic ancestry]
  4074 | Ossuary  | Reached XP level 6. HP: 2/41 MP: 0/9
  4078 | Ossuary  | Reached skill level 13 in Conjurations
  4078 | Ossuary  | Reached XP level 7. HP: 3/46 MP: 1/10
  4079 | Ossuary  | Gained mutation: You are frail. (-10% HP) [potion of mutation]
  4079 | Ossuary  | Gained mutation: You have sharp toenails. [potion of mutation]
  4079 | Ossuary  | Lost mutation: You are frail. (-10% HP) [potion of mutation]
  4079 | Ossuary  | Gained mutation: Your system is resistant to poisons. (rPois) [potion of mutation]
  4591 | Ossuary  | Reached skill level 14 in Conjurations
  4673 | Ossuary  | Learned a level 4 spell: Iskenderun's Mystic Blast
  5395 | Ossuary  | Gained mutation: You have very sharp fingernails. [demonic ancestry]
  5395 | Ossuary  | Reached XP level 8. HP: 31/52 MP: 1/11
  5477 | Ossuary  | HP: 1/52 [elf zombie (4)]
  5478 | Ossuary  | Slain by an elf zombie

Skill      XL: |  1  2  3  4  5  6  7 |
---------------+----------------------+-----
Dodging        | 2 |  2.5
Stealth        | 2 |  2.0
Conjurations   | 5 6 7 13 14 | 14.0
Spellcasting   | |  2.5

Action                   |  1- 3 |  4- 6 |  7- 9 || total
-------------------------+-------+-------+-------++-------
Melee: Unarmed           |     7 |       |       ||     7
       Dagger            |    53 |     2 |    68 ||   123
       Club              |     3 |       |       ||     3
       Kick              |       |       |    19 ||    19
 Cast: Magic Dart        |    80 |    63 |    28 ||   171
       Dazzling Spray    |     3 |       |       ||     3
       Searing Ray       |       |     5 |    15 ||    20
       Iskenderun's Myst |       |       |     2 ||     2
  Use: Scroll            |       |     5 |     1 ||     6
       Potion            |       |     4 |     1 ||     5
  Eat: Chunk             |     2 |     7 |     1 ||    10
       Ration            |     1 |       |     2 ||     3
Armor: Robe              |     7 |     2 |     8 ||    17
Dodge: Dodged            |    44 |     6 |    31 ||    81
